 Dungeon Crawl Stone Soup version 0.28-a0-124-g73ec313a74 (webtiles) character file.

Game seed: 3983373835840369770

727 theanonym the Cudgeller (level 7, -5/56 HPs)
             Began as a Mummy Brigand on Aug 14, 2021.
             Slain by Edmund (8 damage)
             ... on level 5 of the Dungeon.
             The game lasted 00:07:23 (6365 turns).

theanonym the Cudgeller (Mummy Brigand)             Turns: 6365, Time: 00:07:23

Health: -5/56      AC:  9    Str: 17    XL:     7   Next: 44%
Magic:  7/7        EV:  9    Int: 10    God:
Gold:   155        SH:  0    Dex: 13    Spells: 6/6 levels left

rFire   x . .      SeeInvis .   l - +0 flail
rCold   + . .      Faith    .   (no shield)
rNeg    + + +      Spirit   .   h - +0 scale mail
rPois   ∞          Reflect  .   (no helmet)
rElec   .          Harm     .   c - +0 cloak
rCorr   .          Rampage  .   b - +0 pair of gloves
Will    .....                   f - +0 pair of boots
Stlth   +.........              (no amulet)
HPRegen 0.18/turn               (no ring)
MPRegen 0.10/turn               (no ring)

@: no status effects
A: cold resistance 1, negative energy resistance 3, torment resistance 2, heat
vulnerability 1, no potions
a: no special abilities


Innate Abilities, Weirdness & Mutations

You are immune to poison.
Your flesh is cold resistant. (rC+)
You are immune to negative energy. (rN+++)
You are immune to unholy pain and torment.
You are vulnerable to heat. (rF-)
You do not drink.


   Skills:
 + Level 5.2 Fighting
 - Level 1.5 Short Blades
 * Level 5.4 Maces & Flails
 - Level 1.5 Throwing
 - Level 0.7 Dodging
 - Level 3.2 Stealth


You had 6 spell levels left.
You didn't know any spells.
Your spell library was empty.

Skill      XL: |  1  2  3  4  5  6  7 |
---------------+----------------------+-----
Maces & Flails | 1 2 3 4 5 |  5.4
Fighting       | 3 4 5 |  5.2
Short Blades   | |  1.5
Throwing       | |  1.5
Dodging        | |  0.7
Stealth        | |  3.2

Action                   |  1- 3 |  4- 6 |  7- 9 || total
-------------------------+-------+-------+-------++-------
Melee: Dagger            |   153 |    22 |       ||   175
       Flail             |       |   135 |    52 ||   187
Throw: Dart              |       |    27 |    12 ||    39
       Throwing net      |       |       |     1 ||     1
 Stab: Sleeping          |     5 |     4 |       ||     9
       Distracted        |       |     1 |       ||     1
Armor: Robe              |    25 |       |       ||    25
       Leather armour    |    23 |     9 |       ||    32
       Ring mail         |       |    24 |       ||    24
       Scale mail        |       |    17 |    21 ||    38
Dodge: Dodged            |    98 |    91 |    23 ||   212

Inventory:

Hand Weapons
 l - a +0 flail (weapon)
Armour
 b - a +0 pair of gloves (worn)
 c - a +0 cloak (worn)
 f - a +0 pair of boots (worn)
 h - a +0 scale mail (worn)
 n - a +1 ring mail of fire resistance
Jewellery
 g - a ring of ice
Scrolls
 a - 2 scrolls of fear {unknown}
 i - 4 scrolls of identify {unknown}
 j - a scroll of immolation {unknown}
 k - a scroll of blinking {unknown}
 o - a scroll of vulnerability {unknown}
 p - a scroll of amnesia {unknown}
 q - a scroll of brand weapon {unknown}


You were on level 5 of the Dungeon.
You visited 1 branch of the dungeon, and saw 5 of its levels.

You collected 155 gold pieces.

Dungeon Overview and Level Annotations

Branches:
Dungeon (5/15)
 Temple: D:4-7

Altars:
Ashenzari
Uskayaw
The Shining One

Shops:
D:4 [

Annotations:
D:5 Edmund

.........>#####....#
#####.###..........#
#.# #.#...(....#
#)###.#.##.#...#
#####.#......#.#####
...##.#...#..#...#
...##.#####..###.#
.............# #.#
##.###.#####.# #@#
#.......#...# #@#
######.#.#.#.###.#
.......#...#<..#.#
##############.#.# #
#.........#.#.# #
#.#######.# #.# #
#.#..<..#.# #(# #
#.#.#.#.#.#


You could see Edmund.

Notes
Turn   | Place    | Note
-------+----------+-------------------------------------------
     0 | D:1      | theanonym the Mummy Brigand began the quest for the Orb.
     0 | D:1      | Reached XP level 1. HP: 16/16 MP: 1/1
   146 | D:1      | Reached XP level 2. HP: 21/23 MP: 2/2
   210 | D:1      | Reached skill level 1 in Maces & Flails
   541 | D:1      | Reached XP level 3. HP: 28/28 MP: 3/3
   646 | D:1      | HP: 13/28 [jackal (2)]
   654 | D:1      | HP: 12/28 [hobgoblin (1)]
  1330 | D:2      | Reached skill level 3 in Fighting
  1330 | D:2      | Reached skill level 2 in Maces & Flails
  1531 | D:2      | HP: 14/29 [frilled lizard (2)]
  1745 | D:2      | Reached XP level 4. HP: 35/35 MP: 4/4
  2129 | D:2      | HP: 12/35 [gnoll (6)]
  2135 | D:2      | HP: 5/35 [gnoll (4)]
  2732 | D:2      | Reached skill level 3 in Maces & Flails
  2732 | D:2      | Reached XP level 5. HP: 37/41 MP: 5/5
  2938 | D:3      | Found a faded altar of an unknown god.
  3644 | D:4      | Noticed Grinder
  3648 | D:4      | Paralysed by Grinder for 2 turns
  3665 | D:4      | Killed Grinder
  3666 | D:4      | Reached skill level 4 in Fighting
  3666 | D:4      | Reached skill level 4 in Maces & Flails
  3666 | D:4      | Reached XP level 6. HP: 30/49 MP: 6/6
  3872 | D:4      | Noticed Natasha
  3881 | D:4      | Killed Natasha
  3962 | D:4      | Noticed Natasha
  3984 | D:4      | Killed Natasha
  4111 | D:4      | Found Soeda's Armour Emporium.
  4318 | D:4      | Noticed Natasha
  4328 | D:4      | Killed Natasha
  4531 | D:4      | Found a hide-covered altar of Uskayaw.
  4546 | D:3      | Found a broken altar of Ashenzari.
  4865 | D:4      | Found Soeda's Armour Emporium.
  5153 | D:4      | Found a hide-covered altar of Uskayaw.
  5492 | D:5      | Entered Level 5 of the Dungeon
  5628 | D:5      | HP: 21/49 [ogre (28)]
  5631 | D:5      | Reached XP level 7. HP: 24/55 MP: 7/7
  5879 | D:5      | Noticed Blork the orc
  5896 | D:5      | Killed Blork the orc
  5897 | D:5      | Reached skill level 5 in Fighting
  5897 | D:5      | Reached skill level 5 in Maces & Flails
  6331 | D:5      | Noticed Edmund
  6343 | D:5      | HP: 27/56 [Edmund (10)]
  6356 | D:5      | HP: 23/56 [Edmund (3)]
  6362 | D:5      | HP: 10/56 [Edmund (5)]
  6365 | D:5      | HP: 3/56 [Edmund (6)]
  6365 | D:5      | Slain by Edmund

Vanquished Creatures
  Grinder (D:4)
  An ogre (D:5)
  Blork the orc (D:5)
  A phantom (D:5)
  A centaur zombie (D:5)
  Natasha (thrice) (D:4)
  4 gnolls
  6 adders
  5 worms
  4 dart slugs
  6 orcs (D:3)
  7 endoplasms
  4 giant cockroaches
  5 goblins (D:1)
  9 hobgoblins
  10 jackals
  2 kobolds (D:1)
  5 quokkas
  9 ball pythons
  6 bats
  A frilled lizard (D:2)
  5 rats
96 creatures vanquished.

Vanquished Creatures (others)
  A plant (D:1)
1 creature vanquished.

Grand Total: 97 creatures vanquished

Table legend: (Time is in decaauts)
 A = Elapsed time spent in this place.
 B = Non-inter-level travel time spent in this place.
 C = Inter-level travel time spent in this place.
 D = Time resting spent in this place.
 E = Time spent auto-exploring this place.
 F = Levels seen in this place.
 G = Mean time per level.
                   A        B        C        D        E       F      G
               +--------+--------+--------+--------+--------+-----+--------+
         Total |   6393 |   6205 |    188 |   1481 |   3819 |   5 | 1278.6 |
       Dungeon |   6393 |   6205 |    188 |   1481 |   3819 |   5 | 1278.6 |
               +--------+--------+--------+--------+--------+-----+--------+

Top non-repeatable levels by time:
     D:4: 1842 daAuts
     D:1: 1453 daAuts
     D:2: 1358 daAuts
     D:5: 879 daAuts
     D:3: 859 daAuts
